 Dungeon Crawl Stone Soup version 0.30.1-11-g7821555f0a (webtiles) character file.

Game seed: 14233561243210287463

252 porpoise the Shooter (level 5, -10/47 HPs)
             Began as a Minotaur Hunter on Jan 19, 2024.
             Mangled by an ogre
             ... wielding a +0 giant club
              (13 damage)
             ... on level 4 of the Dungeon.
             The game lasted 00:07:51 (2776 turns).

porpoise the Shooter (Minotaur Hunter)              Turns: 2776, Time: 00:07:52

Health: -10/47     AC:  3    Str: 16    XL:     5   Next: 89%
Magic:  4/4        EV: 12    Int:  6    God:
Gold:   245        SH:  5    Dex: 15    Spells: 4/4 levels left

rFire   . . .        a - +0 shortbow
rCold   + . .        (shield currently unavailable)
rNeg    . . .        c - +0 leather armour
rPois   .            (helmet restricted)
rElec   .            n - scarf {repulsion}
rCorr   .            (no gloves)
SInv    .            (no boots)
Will    .....        j - amulet of reflection
Stlth   +            s - ring of protection from cold
HPRegen 0.27/turn    (no ring)
MPRegen 0.09/turn

%: repel missiles, reflection
@: no status effects
A: horns 2, retaliatory headbutt
a: no special abilities


You were on level 4 of the Dungeon.
You visited 2 branches of the dungeon, and saw 5 of its levels.

You collected 245 gold pieces.

Inventory:

Hand Weapons
 a - a +0 shortbow (weapon)
 b - a +0 dagger of venom
Missiles
 m - 5 javelins
 r - 6 poisoned darts
Armour
 c - a +0 leather armour (worn)
 n - a scarf of repulsion (worn)
Jewellery
 j - an amulet of reflection (around neck)
 s - a ring of protection from cold (left hand)
Scrolls
 e - a scroll of torment {unknown}
 f - 2 scrolls of poison {unknown}
 h - 2 scrolls of immolation
 i - 3 scrolls of identify
 k - a scroll of fear {unknown}
 o - a scroll of teleportation {unknown}
 p - a scroll of enchant armour {unknown}
 q - a scroll of amnesia {unknown}
Potions
 d - 3 potions of mutation
 g - a potion of brilliance
 l - 4 potions of curing
 t - a potion of might {unknown}


   Skills:
 + Level 4.6 Fighting
 * Level 7.0 Ranged Weapons
 - Level 2.1 Dodging
 - Level 0.7 Stealth


You had 4 spell levels left.
You didn't know any spells.
Your spell library contained the following spells:

 Spells                   Type           Power      Damage    Failure   Level
 Dazzling Flash           Conj/Hex       0%         N/A       88%         3
 Agony                    Necr           0%         N/A       100%        5
 Silence                  Hex/Air        0%         N/A       100%        5


Dungeon Overview and Level Annotations

Branches:
Dungeon (4/15)             Temple (1/1) D:4

Altars:
Ashenzari
Dithmenos
Elyvilon
Fedhas
Kikubaaqudgha
Makhleb
Nemelex Xobeh
Okawaru
Qazlal
Ru
Trog
Vehumet
Wu Jian
Xom
Zin
The Shining One


Innate Abilities, Weirdness & Mutations

You have a pair of horns on your head.
You reflexively headbutt those who attack you in melee.


Message History

You shoot an arrow.
The arrow hits the white imp but does no damage.
The white imp is heavily wounded.
You block the white imp's attack.
You shoot an arrow.
The arrow hits the white imp but does no damage.
The white imp is heavily wounded.
The white imp closely misses you. You furiously retaliate!
You headbutt the white imp!
You kill the white imp!
You start resting.
An ogre comes into view. It is wielding a +0 giant club.
An ogre is nearby!
You shoot an arrow. The ogre shouts!
The arrow hits the ogre.
The ogre is lightly wounded.
You shoot an arrow.
The arrow hits the ogre but does no damage.
The ogre is lightly wounded.
You shoot an arrow. The arrow hits the ogre.
The ogre is moderately wounded.
You shoot an arrow. The arrow barely misses the ogre.
You shoot an arrow. The arrow barely misses the ogre.
You shoot an arrow. The arrow hits the ogre.
The ogre is heavily wounded.
The ogre hits you with a +0 giant club!!
Ouch! That really hurt!
* * * LOW HITPOINT WARNING * * *
You are too injured to fight recklessly!
You shoot an arrow. The arrow hits the ogre.
The ogre is severely wounded.
You shoot an arrow. The arrow hits the ogre!
The ogre is almost dead.
The ogre closely misses you.
You shoot an arrow. The arrow closely misses the ogre.
The ogre barely misses you.
You shoot an arrow. The arrow completely misses the ogre.
The ogre hits you with a +0 giant club!
You die...

#### ######## ###...
##......## ##.....
##........## ##......
##...)......###...#...
#....@......##...##...
.......O..........###...
.###..............# #...
#..........#######..†
###............).#...
#........#####.(...
###..>)..######..))
#......).##....#.
#......#......##)


You could see an ogre.

Vanquished Creatures
  An ogre (D:4)
  A howler monkey (D:4)
  Robin (D:4)
  2 adders
  A white imp (D:4)
  2 worms (D:2)
  2 dart slugs (D:2)
  4 orcs (D:3)
  9 ball pythons
  6 bats
  5 endoplasms
  A giant cockroach (D:4)
  15 goblins
  9 hobgoblins
  5 frilled lizards
  11 kobolds
  7 rats
82 creatures vanquished.

Notes
Turn   | Place    | Note
-------+----------+-------------------------------------------
     0 | D:1      | porpoise the Minotaur Hunter began the quest for the Orb.
     0 | D:1      | Reached XP level 1. HP: 18/18 MP: 0/0
   126 | D:1      | Reached XP level 2. HP: 25/25 MP: 1/1
   237 | D:1      | Reached skill level 5 in Ranged Weapons
   655 | D:2      | Reached XP level 3. HP: 31/31 MP: 2/2
  1516 | D:2      | You fall into a shaft and drop 1 floor!
  1570 | D:3      | Found a faded altar of an unknown god.
  1919 | D:3      | Reached XP level 4. HP: 38/38 MP: 3/3
  2009 | D:3      | Found a shadowy altar of Dithmenos.
  2009 | D:3      | Found a sacrificial altar of Ru.
  2458 | D:4      | Found a staircase to the Ecumenical Temple.
  2472 | Temple   | Entered the Ecumenical Temple
  2634 | D:4      | Reached skill level 6 in Ranged Weapons
  2638 | D:4      | Noticed Robin
  2642 | D:4      | Killed Robin
  2670 | D:4      | Reached XP level 5. HP: 42/46 MP: 4/4
  2726 | D:4      | Noticed an ogre
  2734 | D:4      | Killed an ogre
  2735 | D:4      | Reached skill level 7 in Ranged Weapons
  2766 | D:4      | Noticed an ogre
  2772 | D:4      | HP: 2/47 [ogre/+0 giant club (29)]
  2776 | D:4      | Mangled by an ogre

Illustrated notes

Levels and vault maps discovered:
D:1:      lemuel_arrival_cross, layout_rooms, kennysheep_flooded_box
D:2:      layout_basic
D:3:      layout_basic, jmf_multi_god_temple, basic_ecumenical_altar
D:4:      layout_rooms, temple_doors_ab, st_stairs_12, kennysheep_minor_cross,
          minmay_quantized, uniq_grinder, uniq_robin
Temple:   nicolae_temple_two_arcs

Skill      XL: |  1  2  3  4  5 |
---------------+----------------+-----
Ranged Weapons | 5 6 7 |  7.0
Fighting       | 3 4 |  4.6
Dodging        | |  2.1
Stealth        | |  0.7

Action                     |  1- 3 |  4- 6 || total
---------------------------+-------+-------++-------
   Fire: Shortbow          |   123 |    94 ||   217
    Use: Scroll            |     3 |       ||     3
 Armour: Leather armour    |    10 |    13 ||    23
  Dodge: Dodged            |    20 |    27 ||    47
         Repelled          |     1 |       ||     1
  Block: Other             |     5 |    15 ||    20
         Reflection        |     1 |       ||     1
